Map: Tokamak LE

Players

Vaisravana

  • Race: Terran Terran
  • Spawn Location: 1:00

A.I. 2 (Elite) - Winner!

  • Race: Zerg Zerg
  • Spawn Location: 7:00

VOD

Have the link to the VOD?

Description

Time

  • Played on: Aug. 3, 2025, 1:25 p.m.
  • Length: 8:08
Show
View Real Time Build Order
Export as new Build Order

Vaisravana Terran 

Build Orders: Liberator Opening, Reaper Expand 

Get SALT Encoding   

  12  0:00  SCV  
  13  0:12  SCV  
  14  0:17  Supply Depot  
  14  0:24  SCV  
  15  0:38  SCV  
  15  0:40  Barracks  
  16  0:44  Refinery  
  16  0:50  SCV  
  17  1:03  SCV  
  18  1:15  SCV  
  19  1:27  Reaper  
  19  1:28  Orbital Command  
  20  1:41  Command Center  
  20  1:50  Supply Depot  
  20  1:53  SCV  
  21  2:01  Marine, Refinery  
  22  2:06  SCV  
  23  2:16  Factory  
  23  2:18  SCV  
  24  2:23  Barracks Reactor  
  24  2:30  SCV  
  25  2:43  SCV  
  26  2:53  Orbital Command  
  26  2:55  SCV  
  27  3:04  Starport  
  27  3:06  Hellion  
  27  3:07  Hellion  
  27  3:11  SCV  
  32  3:12  Barracks Tech Lab  
  32  3:19  SCV  
  33  3:20  Supply Depot  
  33  3:23  SCV  
  34  3:28  Hellion x2  
  34  3:31  SCV  
  39  3:35  SCV  
  39  3:39  Stimpack  
  39  3:41  Liberator  
  43  3:43  SCV  
  43  3:45  Supply Depot  
  43  3:47  SCV  
  45  3:53  Hellion x2  
  50  3:55  SCV  
  50  3:59  SCV  
  50  4:17  Barracks  
  50  4:18  SCV x2  
  50  4:20  Barracks, Factory Reactor  
  50  4:21  Supply Depot  
  52  4:26  Starport Tech Lab  
  52  4:30  SCV x2  
  54  4:42  SCV x2  
  54  4:43  Supply Depot  
  56  4:52  Engineering Bay  
  56  4:53  Marine  
  56  4:54  SCV  
  56  4:55  SCV  
  56  4:56  Starport Reactor  
  59  5:02  Refinery x2  
  59  5:04  Marine x2  
  59  5:06  SCV  
  60  5:07  SCV  
  60  5:11  Marine, Siege Tank  
  60  5:13  Marine  
  60  5:14  Marine  
  66  5:17  Supply Depot  
  66  5:19  SCV x2  
  68  5:22  Marine  
  68  5:23  Marine  
  68  5:27  Terran Infantry Weapons Level 1  
  70  5:29  Marine, Supply Depot x2  
  71  5:36  Command Center, Combat Shield  
  71  5:37  Medivac x2  
  71  5:40  Marine x2  
  77  5:43  Marine x2  
  77  5:47  Siege Tank  
  77  5:48  Marine  
  83  5:59  Marine x2, Supply Depot  
  83  6:01  Marine x2  
  87  6:09  Medivac x2  
  91  6:11  Marine  
  91  6:17  Marine  
  93  6:18  Marine  
  93  6:19  Marine, Siege Tank  
  98  6:30  Marine  
  98  6:31  Marine  
  98  6:36  Marine x3  
  98  6:37  SCV x2  
  88  6:40  Medivac x2  
  86  6:48  Marine x2  
  86  6:49  SCV x2  
  86  6:54  Marine  
  90  6:55  Marine x2  
  90  6:58  Siege Tank  
  96  7:06  Marine x2  
  96  7:07  SCV x2  
  100  7:12  Medivac x2  
  100  7:13  Marine x2  
  100  7:14  Marine  
  107  7:24  Marine x2  
  107  7:27  Barracks x2  
  109  7:31  Marine x2  
  109  7:32  Marine, Siege Tank  
  109  7:36  SCV x2  
  116  7:48  SCV x2  
  121  8:01  Supply Depot  
Show
View Real Time Build Order
Export as new Build Order

A.I. 2 (Elite) Zerg - Winner!

Build Orders: Hatch First 

Get SALT Encoding   

  12  0:00  Drone  
  13  0:12  Overlord  
  13  0:16  Drone  
  14  0:30  Drone x2  
  14  0:34  Drone  
  17  0:53  Hatchery, Drone  
  17  1:08  Spawning Pool  
  17  1:10  Drone  
  17  1:12  Extractor  
  17  1:16  Drone  
  17  1:20  Drone  
  18  1:28  Drone  
  19  1:38  Overlord  
  19  1:49  Drone  
  20  1:55  Queen  
  20  2:00  Zergling x2  
  23  2:04  Drone  
  24  2:12  Drone  
  24  2:17  Queen  
  24  2:22  Drone  
  27  2:34  Roach Warren  
  27  2:36  Extractor, Drone  
  26  2:40  Drone  
  27  2:46  Overlord  
  27  2:50  Drone  
  28  2:55  Drone  
  28  2:57  Drone  
  30  3:00  Drone  
  30  3:04  Drone  
  32  3:06  Zergling x2  
  32  3:12  Zergling x2  
  34  3:14  Roach  
  34  3:18  Roach  
  38  3:22  Roach  
  38  3:26  Roach  
  42  3:28  Drone  
  42  3:30  Drone  
  44  3:36  Overlord  
  44  3:43  Lair  
  44  3:54  Drone x3  
  47  3:57  Overlord  
  47  4:00  Drone  
  47  4:01  Drone  
  49  4:04  Drone  
  49  4:06  Drone  
  49  4:09  Drone  
  52  4:15  Zergling x2, Drone  
  52  4:16  Zergling x2  
  55  4:17  Zergling x2  
  55  4:22  Overlord  
  56  4:28  Roach  
  60  4:31  Roach  
  60  4:34  Overlord  
  60  4:40  Zergling x2, Drone x2  
  60  4:45  Queen, Hydralisk Den  
  64  4:48  Spore Crawler  
  64  4:52  Spore Crawler, Drone  
  62  4:57  Drone  
  64  5:01  Drone  
  63  5:07  Drone  
  63  5:14  Hydralisk x2  
  64  5:16  Lurker Den, Drone  
  64  5:20  Hydralisk  
  70  5:23  Overlord  
  70  5:26  Drone  
  70  5:27  Drone  
  72  5:29  Drone  
  72  5:31  Drone  
  72  5:33  Drone  
  75  5:41  Overlord  
  75  5:42  Drone  
  76  5:43  Infestation Pit  
  76  5:45  Drone  
  76  5:47  Drone  
  76  5:49  Roach  
  79  5:52  Roach  
  81  5:59  Overlord  
  81  6:00  Roach x2  
  85  6:05  Metabolic Boost  
  85  6:08  Extractor  
  84  6:11  Extractor  
  84  6:12  Drone  
  84  6:15  Hatchery  
  84  6:16  Drone  
  84  6:21  Infestor  
  84  6:22  Evolution Chamber  
  84  6:23  Drone  
  86  6:30  Drone x2  
  86  6:31  Zergling x4, Drone  
  86  6:35  Drone  
  86  6:36  Roach, Drone x2  
  80  6:41  Roach, Zergling x2  
  80  6:42  Roach  
  77  6:47  Roach  
  77  6:52  Roach  
  73  6:57  Roach  
  75  7:02  Overlord  
  75  7:05  Infestor  
  75  7:06  Hydralisk, Zergling x2  
  80  7:09  Zergling x2  
  80  7:10  Roach  
  83  7:16  Hydralisk  
  83  7:20  Zergling x2, Overlord, Baneling Nest  
  83  7:21  Overseer  
  83  7:22  Roach  
  82  7:28  Drone  
  67  7:30  Drone  
  54  7:37  Zergling x2  
  54  7:38  Roach x2  
  54  7:39  Drone  
  54  7:43  Roach  
  60  7:49  Zergling x2  
Tags
 
Add a new tag
Caveats
  • Supply blocks, unpowered buildings, or Contaminate may cause inaccurate times.
  • Supply counts are checked every 10 seconds.